 Dungeon Crawl Stone Soup version 0.25-a0-632-g7713895373 (webtiles) character file.

Game seed: 16777905947612652424, levelgen mode: deterministic

188 Cipolla the Ogre Mage (level 5, -2/50 HPs)
             Began as an Ogre Wizard on Mar 19, 2020.
             Killed from afar by an orc wizard (8 damage)
             ... with a magic dart
             ... on level 4 of the Dungeon.
             The game lasted 00:14:18 (3973 turns).

Cipolla the Ogre Mage (Ogre Wizard)                 Turns: 3973, Time: 00:14:19

Health: -2/50      AC:  4    Str: 11    XL:     5   Next: 67%
Magic:  2/11       EV: 10    Int: 20    God:
Gold:   242        SH:  0    Dex:  7    Spells: 7/13 levels left

rFire    . . .     SeeInvis .   q - +2 dagger (venom)
rCold    . . .     Gourm    .   (no shield)
rNeg     . . .     Faith    .   a - +0 robe
rPois    .         Spirit   .   b - +0 hat
rElec    .         Reflect  .   j - +0 cloak
rCorr    .         Harm     .   (gloves unavailable)
MR       .....                  (boots unavailable)
Stlth    +.........             (no amulet)
HPRegen  0.16/turn              (no ring)
MPRegen  0.12/turn              (no ring)

@: no status effects
A: large, unfitting armour, tough skin 1
a: no special abilities


You were on level 4 of the Dungeon.
You were hungry.

You visited 1 branch of the dungeon, and saw 4 of its levels.

You collected 242 gold pieces.

Inventory:

Hand Weapons
 c - a +0 club
 q - a +2 dagger of venom (weapon)
 t - a cursed +0 whip
Armour
 a - a +0 robe (worn)
 b - a +0 hat (worn)
 j - a +0 cloak (worn)
Jewellery
 r - an uncursed amulet of magic regeneration {unknown}
Scrolls
 g - a scroll of remove curse {unknown}
 h - a scroll of noise {unknown}
 m - a scroll of immolation
 n - a scroll of identify {unknown}
 o - a scroll of teleportation {unknown}
 s - a scroll of amnesia {unknown}
Potions
 e - a potion of ambrosia {unknown}
 f - a potion of curing {unknown}
 i - a potion of mutation {unknown}
 k - a potion of lignification
 l - a potion of haste {unknown}
Comestibles
 d - 6 rations


   Skills:
 + Level 2.3 Fighting
 + Level 2.9 Dodging
 - Level 1.4 Stealth
 + Level 4.6 Spellcasting
 * Level 3.0 Conjurations
   Level 0.8 Summonings
 - Level 0.8 Translocations


You had 7 spell levels left.
You knew the following spells:

 Your Spells              Type           Power        Failure   Level  Hunger
a - Magic Dart            Conj           ###.         3%          1    None
b - Conjure Flame         Conj/Fire      ##......     19%         3    ##.....
c - Blink                 Tloc           N/A          13%         2    #......

Your spell library contained the following spells:

 Spells                   Type           Power        Failure   Level  Hunger
 Call Imp                 Summ           #.......     13%         2    #......
 Slow                     Hex            #.......     19%         2    #......
 Mephitic Cloud           Conj/Pois/Air  #.......     24%         3    ##.....


Dungeon Overview and Level Annotations

Branches:
Dungeon (4/15)
 Temple: D:4-7

Altars:
Elyvilon
Fedhas
Makhleb
Ru
Trog
Yredelemnul

Annotations:
D:3 2 transporters, kae's ghost, weakling DsMo


Innate Abilities, Weirdness & Mutations

You are too large for most types of armour.
You have tough skin. (AC +1)


Message History

Casting: Magic Dart (safe; 3% risk of failure)
Confirm with . or Enter, or press ? or * to list all spells.
Aiming: Magic Dart (safe; 3% risk of failure)
Press: ? - help, Shift-Dir - straight line, f/p - orc
Aim: an orc, wielding a +0 dagger and wearing a +1 ring mail of poison resistance The magic dart hits the orc but does no damage.
The orc wizard mumbles some strange words.
The orc wizard seems to speed up.
There is an open door here.
The orc priest mumbles some strange prayers to Beogh against you.
Beogh smites you!
There is a stone staircase leading down here.
The orc wizard points at you and mumbles some strange words.
The magic dart hits you!
The orc priest mumbles some strange prayers to Beogh against you.
Beogh smites you!
* * * LOW HITPOINT WARNING * * *
The orc wizard gestures at you while chanting.
The magic dart hits you!
You die...

..##........#......#
.....#.#....#..#...# .#....
..#.........#........
..#....
..#.........##.##.###
#..... .######.....##..#.#
#####...# .'....#.....#
#.#.# #.......#
.####'#.....#
#...####.......# ##
#....#.#.####..#..o.......#
#....#.#.....@>'...o.†....#
#....#.#######.#..o.......#
#....#.# #####'#####'##...#
#....#.# #........##.##...#
##+#.#.# #.......[##.#....#
#.#.# #........##.#...##
.........#.......#...#
#.##.........####...#
#.........# #.....


You could see an orc priest, an orc wizard and an orc.

Vanquished Creatures
  An orc wizard (D:3)
  A worker ant (D:3)
  2 hound skeletons
  2 adders
  An ooze (D:1)
  3 worms
  4 dart slugs
  2 leopard geckos
  11 orcs
  4 bats
  3 giant cockroaches
  5 goblins
  8 hobgoblins
  3 jackals (D:3)
  4 kobolds
  2 quokkas (D:2)
  A ball python skeleton (D:4)
  2 frilled lizards
  5 rats
64 creatures vanquished.

Notes
Turn   | Place    | Note
-------+----------+-------------------------------------------
     0 | D:1      | Cipolla the Ogre Wizard began the quest for the Orb.
     0 | D:1      | Reached XP level 1. HP: 16/16 MP: 5/5
   270 | D:1      | Reached skill level 1 in Conjurations
   397 | D:1      | Reached XP level 2. HP: 22/24 MP: 6/6
   772 | D:1      | Reached skill level 4 in Spellcasting
  1231 | D:1      | Reached XP level 3. HP: 31/31 MP: 1/8
  1409 | D:1      | Learned a level 3 spell: Conjure Flame
  1412 | D:1      | Learned a level 2 spell: Blink
  2037 | D:2      | Found a burning altar of Makhleb.
  2041 | D:2      | Found a blossoming altar of Fedhas.
  2045 | D:2      | Found a sacrificial altar of Ru.
  2122 | D:2      | Reached skill level 1 in Fighting
  2321 | D:2      | Reached XP level 4. HP: 39/41 MP: 10/10
  2439 | D:2      | Found a bloodstained altar of Trog.
  2931 | D:3      | Found a white marble altar of Elyvilon.
  2960 | D:3      | Reached XP level 5. HP: 21/49 MP: 1/11
  3268 | D:3      | Found a basalt altar of Yredelemnul.
  3437 | D:3      | Found a transporter.
  3494 | D:3      | Noticed kae's ghost (weakling DsMo)
  3500 | D:3      | Found a transporter.
  3501 | D:3      | Noticed an ogre
  3501 | D:3      | Noticed an ogre
  3973 | D:4      | Killed from afar by an orc wizard

Levels and vault maps discovered:
D:1:      giann_horns, layout_basic
D:2:      layout_rooms, grunt_temple_overflow_cloverleaf
D:3:      layout_rooms, kennysheep_ying_yang, gammafunk_ghost_smash,
          serial_curves, eino_curves_03, eino_curves_04
D:4:      layout_basic, serial_shops, kennysheep_mini_moat

Skill      XL: |  1  2  3  4  5 |
---------------+----------------+-----
Conjurations   | 1 2 3 |  3.0
Dodging        | 2 |  2.9
Spellcasting   | 4 |  4.6
Fighting       | 1 2 |  2.3
Stealth        | |  1.4
Summonings     | |  0.8
Translocations | |  0.8

Action                   |  1- 3 |  4- 6 || total
-------------------------+-------+-------++-------
Melee: Unarmed           |    14 |       ||    14
       Club              |    71 |     7 ||    78
       Dagger            |       |    49 ||    49
 Cast: Magic Dart        |    65 |    73 ||   138
       Conjure Flame     |     1 |     2 ||     3
       Blink             |     1 |     1 ||     2
  Use: Potion            |     1 |     2 ||     3
       Scroll            |       |     1 ||     1
 Stab: Sleeping          |     1 |       ||     1
  Eat: Chunk             |     3 |     6 ||     9
Armor: Robe              |    33 |    19 ||    52
       Skin              |       |     1 ||     1
Dodge: Dodged            |    49 |    50 ||    99

Table legend:
 A = Non-vault XP
 B = Vault XP
 C = Vault XP percentage of total XP
 D = Non-vault monster count
 E = Vault monster count
 F = Vault count percentage of total count
                 A         B        C        D         E       F
            +---------+---------+-------+---------+---------+-------
      Total |     269 |       0 |   0.0 |      64 |       0 |   0.0
            +---------+---------+-------+---------+---------+-------
        D:1 |      35 |       0 |   0.0 |      15 |       0 |   0.0
        D:2 |      74 |       0 |   0.0 |      22 |       0 |   0.0
        D:3 |     119 |       0 |   0.0 |      22 |       0 |   0.0
        D:4 |      41 |       0 |   0.0 |       5 |       0 |   0.0
            +---------+---------+-------+---------+---------+-------
